 Dungeon Crawl Stone Soup version 0.27-a0-1136-g0b992a5a9d (webtiles) character file.

Game seed: 8805404366852171510

865 tsouns the Frost Mage (level 7, 0/45 HPs)
             Began as a White Draconian Ice Elementalist on May 5, 2021.
             Was a Plaything of Xom.
             Slain by a wyvern zombie (6 damage)
             ... on level 6 of the Dungeon.
             The game lasted 00:08:12 (5443 turns).

tsouns the Frost Mage (DrIE)                        Turns: 5443, Time: 00:08:12

Health: 0/45       AC:  8    Str: 10    XL:     7   Next: 72%
Magic:  16/16      EV: 12    Int: 17    God:    Xom [*.....]
Gold:   263        SH:  0    Dex: 12    Spells: 7/18 levels left

rFire    . . .     SeeInvis .   g - +0 short sword
rCold    + . .     Faith    .   (no shield)
rNeg     . . .     Spirit   .   (armour unavailable)
rPois    .         Reflect  .   f - +2 hat
rElec    .         Harm     .   (no cloak)
rCorr    .         Rampage  .   (no gloves)
Will     .....     Clarity  +   (no boots)
Stlth    ++........             (no amulet)
HPRegen  0.15/turn              (no ring)
MPRegen  0.15/turn              (no ring)

@: unable to read
A: breathe frost, AC +6, unfitting armour, cold resistance 1, cold-blooded,
clarity, frail 1, inability to read while threatened, MP-powered wands
a: Breathe Frost, Renounce Religion


You were on level 6 of the Dungeon.
You worshipped Xom.
You were a special plaything of Xom.
You visited 1 branch of the dungeon, and saw 6 of its levels.

You collected 263 gold pieces.

Inventory:

Hand Weapons
 g - a +0 short sword (weapon)
 l - a +1 dagger of flaming
Missiles
 e - 5 boomerangs of dispersal
 m - 3 javelins
Armour
 f - a +2 hat (worn)
Jewellery
 n - an amulet of faith
Scrolls
 k - a scroll of amnesia
 o - a scroll of enchant armour
Potions
 a - a potion of curing
 b - a potion of degeneration
 c - a potion of berserk rage
 d - 2 potions of flight {unknown}
 h - a potion of attraction {unknown}
 i - 2 potions of heal wounds {unknown}
 j - 2 potions of ambrosia {unknown}


   Skills:
 - Level 1.7 Dodging
 - Level 1.7 Stealth
 + Level 6.0 Spellcasting
 + Level 8.9 Ice Magic


You had 7 spell levels left.
You knew the following spells:

 Your Spells              Type           Power      Damage    Failure   Level
a - Freeze                Ice            100%       1d11      1%          1
b - Frozen Ramparts       Ice            70%        1d9       1%          3
c - Ozocubu's Armour      Ice            35%        N/A       1%          3
d - Hailstorm             Conj/Ice       20%        3d6       21%         4

Your spell library contained the following spells:

 Spells                   Type           Power      Damage    Failure   Level
 Beastly Appendage        Tmut           10%        N/A       13%         1
 Foxfire                  Conj/Fire      20%        2x1d5     13%         1
 Magic Dart               Conj           20%        1d4       13%         1
 Pain                     Necr           20%        1d5       13%         1
 Shock                    Conj/Air       20%        1d4       13%         1
 Metabolic Englaciation   Hex/Ice        10%        N/A       50%         5


Dungeon Overview and Level Annotations

Branches:
Dungeon (6/15)
 Temple: D:4-7

Altars:
Qazlal
Xom
Zin

Shops:
D:3 *


Innate Abilities, Weirdness & Mutations

You can breathe waves of freezing cold which knock back foes.
Your icy white scales are hard. (AC +6)
You cannot fit into any form of body armour.
Your flesh is cold resistant. (rC+)
You are cold-blooded and may be slowed by cold attacks.
You possess an exceptional clarity of mind.
You are frail. (-10% HP)
You sometimes lose the ability to read scrolls when taking damage.
You expend magic power (3 MP) to strengthen your wands.


Message History

You freeze the centaur!
You kill the centaur!
Your Spellcasting skill increases to level 6!
Unknown command.
The frozen ramparts melt away.
HP restored.
Things that are here:
a +0 shortbow; 23 arrows
There is an escape hatch in the floor here.
Found a ring mail.
You see here a +0 ring mail.
You see here a +0 ring mail.
o - a scroll of enchant armour
Found 27 arrows.
A wyvern zombie comes into view.
Found 28 stones.
Found a stone staircase leading down.
A wyvern zombie is nearby!
Found a robe.
You hit the wyvern zombie.
The wyvern zombie is lightly damaged.
The wyvern zombie bites you but does no damage.
The wyvern zombie barely misses you.
You hit the wyvern zombie.
The wyvern zombie is lightly damaged.
The wyvern zombie bites you!
You barely miss the wyvern zombie.
The wyvern zombie is lightly damaged.
The wyvern zombie bites you!
You feel threatened and lose the ability to read scrolls!
The wyvern zombie bites you!
* * * LOW HITPOINT WARNING * * *
You hit the wyvern zombie.
You tail-slap the wyvern zombie, but do no damage.
The wyvern zombie is lightly damaged.
The wyvern zombie barely misses you.
You hit the wyvern zombie.
The wyvern zombie is lightly damaged.
The wyvern zombie bites you.
You die...
Xom giggles madly!

............#.....#
............###.###
............#.....#
# #
............###.###
.#.# ...
#.....#..[..
>....###.###.....
...(.....#.......
.......#.........
....$....@#.....
....###.#.Z...(..
#.. #.#.#...... ..
..####..... . .#.
..... #.. .... ..
###


You could see a wyvern zombie.

Vanquished Creatures
  A sky beast (D:6)
  A centaur (D:6)
  A bullfrog (D:4)
  3 scorpions
  A howler monkey (D:5)
  A jelly (D:5)
  3 hounds
  An orc priest (D:3)
  2 bullfrog skeletons
  A centaur skeleton (D:5)
  An iguana (D:4)
  2 hound skeletons (D:4)
  A howler monkey zombie (D:5)
  4 adders
  A white imp (D:5)
  A worm (D:4)
  4 dart slugs
  5 orcs
  6 endoplasms
  3 giant cockroaches
  6 goblins
  6 hobgoblins
  6 kobolds
  5 quokkas
  10 ball pythons
  8 bats
  2 frilled lizards (D:1)
  4 rats
90 creatures vanquished.

Notes
Turn   | Place    | Note
-------+----------+-------------------------------------------
     0 | D:1      | tsouns the Draconian Ice Elementalist began the quest for
                  | the Orb.
     0 | D:1      | Reached XP level 1. HP: 14/14 MP: 3/3
    82 | D:1      | Found a faded altar of an unknown god.
   115 | D:1      | Became a worshipper of Xom of Chaos
   210 | D:1      | Reached XP level 2. HP: 13/20 MP: 0/5
   694 | D:1      | XOM: silly message
  1017 | D:1      | XOM is BORED!
  1017 | D:1      | XOM: give mutations
  1017 | D:1      | Gained mutation: Your body sometimes deteriorates upon
                  | taking damage. [Xom's mischief]
  1017 | D:1      | Gained mutation: You expend magic power (3 MP) to
                  | strengthen your wands. [Xom's mischief]
  1017 | D:1      | Gained mutation: You possess an exceptional clarity of
                  | mind. [Xom's mischief]
  1079 | D:2      | Reached XP level 3. HP: 24/26 MP: 4/7
  1177 | D:2      | Learned a level 3 spell: Frozen Ramparts
  1181 | D:2      | Learned a level 3 spell: Ozocubu's Armour
  1271 | D:2      | XOM: silly message
  1296 | D:2      | XOM: torment (14/26 hp)
  1540 | D:2      | XOM: 5-stop teleportation journey
  1547 | D:2      | Reached XP level 4. HP: 27/33 MP: 1/8
  1551 | D:2      | XOM: give mutations
  1551 | D:2      | Lost mutation: Your body sometimes deteriorates upon taking
                  | damage. [Xom's mischief]
  1551 | D:2      | Gained mutation: You sometimes lose the ability to read
                  | scrolls when taking damage. [Xom's mischief]
  1551 | D:2      | Gained mutation: You are frail. (-10% HP) [Xom's mischief]
  1668 | D:2      | Reached skill level 5 in Ice Magic
  2190 | D:3      | XOM: 3-stop teleportation journey
  2210 | D:3      | Found a glowing silver altar of Zin.
  2256 | D:3      | XOM: 5-stop teleportation journey
  2708 | D:3      | XOM is BORED!
  2807 | D:3      | Reached XP level 5. HP: 34/34 MP: 2/10
  2885 | D:3      | Found Erchizeru's General Store.
  2985 | D:4      | Learned a level 4 spell: Hailstorm
  3360 | D:4      | Reached skill level 6 in Ice Magic
  3360 | D:4      | Reached XP level 6. HP: 25/40 MP: 6/12
  3406 | D:4      | XOM: 5-stop teleportation journey
  3821 | D:4      | XOM: 2-stop teleportation journey
  3909 | D:4      | Found a stormy altar of Qazlal.
  3980 | D:4      | Identified Kixiyh's Beginning Course on Thaumaturgy
  4347 | D:5      | Entered Level 5 of the Dungeon
  4456 | D:5      | Reached skill level 5 in Spellcasting
  4499 | D:5      | XOM: polymorph hound -> scorpion
  4509 | D:5      | Your scales start taking on an icy white colour.
  4509 | D:5      | Reached skill level 8 in Ice Magic
  4509 | D:5      | Reached XP level 7. HP: 35/45 MP: 8/14
  4509 | D:5      | Gained mutation: Your flesh is cold resistant. (rC+) [White
                  | Draconian growth]
  4740 | D:5      | XOM: 3-stop teleportation journey
  5443 | D:6      | Slain by a wyvern zombie

Illustrated notes

Levels and vault maps discovered:
D:1:      evilmike_arrival_crescent, layout_loops_cross,
          chequers_ecumenical_altar_island, st_stairs_7
D:2:      layout_loops_ring
D:3:      layout_loops_ring, zin_academy, serial_shops,
          nicolae_shop_behind_doors
D:4:      layout_gridville, general_overflow_altar, kennysheep_nub
D:5:      layout_basic, lemuel_flamethrower_2
D:6:      layout_cave_pools, nemelex_diamond_rough_becter,
          minmay_misc_feat_hallway, uniq_grinder, uniq_maggie

Skill      XL: |  1  2  3  4  5  6  7 |
---------------+----------------------+-----
Spellcasting   | 3 4 5 6 |  6.0
Ice Magic      | 5 6 8 |  8.9
Dodging        | |  1.7
Stealth        | |  1.7

Action                   |  1- 3 |  4- 6 |  7- 9 || total
-------------------------+-------+-------+-------++-------
Melee: Unarmed           |     8 |       |       ||     8
       Tailslap          |     1 |     3 |     7 ||    11
       Short sword       |     3 |    50 |    47 ||   100
 Cast: Freeze            |    46 |    80 |    11 ||   137
       Frozen Ramparts   |       |     3 |     1 ||     4
       Ozocubu's Armour  |       |       |     1 ||     1
  Use: Scroll            |       |     4 |     3 ||     7
 Stab: Sleeping          |     1 |     4 |     3 ||     8
Armor: Skin              |     9 |    41 |    30 ||    80
Dodge: Dodged            |    22 |    63 |    43 ||   128

Table legend: (Time is in decaauts)
 A = Elapsed time spent in this place.
 B = Non-inter-level travel time spent in this place.
 C = Inter-level travel time spent in this place.
 D = Time resting spent in this place.
 E = Time spent auto-exploring this place.
 F = Levels seen in this place.
 G = Mean time per level.
                   A        B        C        D        E       F      G
               +--------+--------+--------+--------+--------+-----+--------+
         Total |   5465 |   5354 |    111 |      0 |   4634 |   6 |  910.8 |
       Dungeon |   5465 |   5354 |    111 |      0 |   4634 |   6 |  910.8 |
               +--------+--------+--------+--------+--------+-----+--------+

Top non-repeatable levels by time:
     D:4: 1387 daAuts
     D:1: 1061 daAuts
     D:2: 966 daAuts
     D:5: 956 daAuts
     D:3: 948 daAuts
     D:6: 143 daAuts
